 Dungeon Crawl Stone Soup version 0.25-a0-939-g1e880d33e3 (webtiles) character file.

Game seed: 16438951102093871917, levelgen mode: deterministic

281 Morrissey the Cudgeler (level 6, -2/61 HPs)
             Began as a Troll Berserker on May 5, 2020.
             Was a Believer of Trog.
             Slain by an orc wizard
             ... wielding a +0 dagger
              (6 damage)
             ... on level 4 of the Dungeon.
             The game lasted 00:04:26 (2549 turns).

Morrissey the Cudgeler (Troll Berserker)            Turns: 2549, Time: 00:04:27

Health: -2/61      AC:  6    Str: 26    XL:     6   Next: 6%
Magic:  5/5        EV:  9    Int:  3    God:    Trog [**....]
Gold:   158        SH:  0    Dex: 11    Spells: 5/5 levels left

rFire    . . .     SeeInvis .   a - +0 mace
rCold    . . .     Gourm    +   (no shield)
rNeg     . . .     Faith    +   b - +0 animal skin
rPois    .         Spirit   .   (helmet restricted)
rElec    .         Reflect  .   (no cloak)
rCorr    .         Harm     .   (gloves unavailable)
MR       ++...                  (boots unavailable)
Stlth    +.........             i - amulet of faith
HPRegen  1.60/turn              (no ring)
MPRegen  0.09/turn              (no ring)

@: lethally poisoned (-2 -> -2), berserk cooldown, regenerating (expiring), very
heavily drained
A: large, unfitting armour, claws 3, fast metabolism 3, gourmand, regeneration
1, shaggy fur 1, tough skin 3
a: Berserk, Trog's Hand, Renounce Religion


You were on level 4 of the Dungeon.
You worshipped Trog.
Trog was pleased with you.
You were full.

You visited 1 branch of the dungeon, and saw 4 of its levels.

You collected 158 gold pieces.

Inventory:

Hand Weapons
 a - a +0 mace (weapon)
Armour
 b - a +0 animal skin (worn)
Jewellery
 i - an amulet of faith (around neck)
Scrolls
 e - 2 scrolls of remove curse {unknown}
 f - 3 scrolls of identify {unknown}
 j - a scroll of magic mapping {unknown}
 k - a scroll of noise {unknown}
 l - a scroll of teleportation {unknown}
 p - a scroll of enchant armour {unknown}
 s - a scroll of fear {unknown}
 t - a scroll of enchant weapon {unknown}
Potions
 d - 3 potions of mutation {unknown}
 g - 4 potions of curing {unknown}
 h - a potion of brilliance {unknown}
 m - 2 potions of degeneration {unknown}
 n - a potion of might {unknown}
 o - a potion of heal wounds {unknown}
 q - a potion of stabbing {unknown}
 r - a potion of cancellation {unknown}
 v - 2 potions of invisibility {unknown}
Comestibles
 c - 6 rations


   Skills:
 + Level 3.4(0.0) Fighting
 * Level 4.8(1.0) Maces & Flails
 + Level 3.5(0.0) Dodging


You had 5 spell levels left.
You didn't know any spells.
Your spell library was empty.

Dungeon Overview and Level Annotations

Branches:
Dungeon (4/15)
 Temple: D:4-7

Altars:
Sif Muna


Innate Abilities, Weirdness & Mutations

You are too large for most types of armour.
You have claws for hands.
Your metabolism is lightning-fast.
You like to eat raw meat.
Your natural rate of healing is unusually fast.
You are covered in fur. (AC +1)
You have extremely tough skin. (AC +3)


Message History

You barely miss the orc wizard.
The orc wizard is severely wounded.
You feel sick. Something hits you.
* * * LOW HITPOINT WARNING * * *
The orc wizard hits you but does no damage.
You hear some strange, mumbled words.
A magic dart appears from out of thin air!
The magic dart hits you.
* * * LOW HITPOINT WARNING * * *
An orc comes into view. It is wielding a +0 dagger.
The orc wizard looks encouraged for a moment.
You barely miss the orc wizard.
The orc wizard is severely wounded.
You feel yourself speed up.
You feel the effects of Trog's Hand fading.
You feel sick. Something hits you.
* * * LOW HITPOINT WARNING * * *
The orc wizard hits you but does no damage.
Something hits you.
You die...

##....###
........##
.........
.........
#........
########........
........<.......
######o#.#..#.#
#@#.# # #)#.#
#).).....
.........
#.####.### #. .#
#o #. #.


You could see an orc wizard and an orc.

Vanquished Creatures
  The ghost of Teror the Firebug, an amateur DsFE (D:3)
  An orc priest (D:4)
  An orc wizard (D:4)
  A river rat (D:3)
  8 adders
  An ooze (D:1)
  A worm (D:3)
  A dart slug (D:1)
  4 leopard geckos
  6 orcs (D:4)
  3 giant cockroaches
  5 goblins
  3 hobgoblins
  6 kobolds
  2 ball pythons
  3 bats
  4 frilled lizards
  5 rats
56 creatures vanquished.

Notes
Turn   | Place    | Note
-------+----------+-------------------------------------------
     0 | D:1      | Morrissey the Troll Berserker began the quest for the Orb.
     0 | D:1      | Reached XP level 1. HP: 22/22 MP: 0/0
    41 | D:1      | Reached skill level 3 in Maces & Flails
    41 | D:1      | Reached XP level 2. HP: 28/29 MP: 1/1
   158 | D:1      | You fall into a shaft and drop 1 floor!
   911 | D:2      | Reached XP level 3. HP: 20/36 MP: 2/2
  1446 | D:2      | Reached ** piety under Trog
  1595 | D:3      | Reached XP level 4. HP: 39/44 MP: 3/3
  1653 | D:3      | Found a shimmering blue altar of Sif Muna.
  1745 | D:3      | Found a runed translucent door.
  1747 | D:3      | Noticed Teror's ghost (amateur DsFE)
  1777 | D:3      | Killed Teror's ghost
  1777 | D:3      | Reached skill level 4 in Maces & Flails
  1777 | D:3      | Reached XP level 5. HP: 27/53 MP: 4/4
  2525 | D:4      | Reached XP level 6. HP: 61/61 MP: 5/5
  2549 | D:4      | Slain by an orc wizard

Levels and vault maps discovered:
D:1:      lightli_arrival_chessboard, layout_basic
D:2:      layout_loops_cross, grunt_decor_clamped
D:3:      layout_loops_cross, led_sif_pool, first_ration, gup_sewer_entry_bowl,
          ebering_ghost_reflecting_pool
D:4:      layout_loops_ring, nicolae_ru_awakened_eye, fedhas_altar_fruit_tree

Skill      XL: |  1  2  3  4 |
---------------+-------------+-----
Maces & Flails | 3 4 |  4.8
Dodging        | 3 |  3.5
Fighting       | 3 |  3.4

Action                   |  1- 3 |  4- 6 || total
-------------------------+-------+-------++-------
Melee: Mace              |    97 |   142 ||   239
Invok: Berserk           |       |     3 ||     3
       Trog's Hand       |       |     1 ||     1
 Stab: Sleeping          |       |     2 ||     2
  Eat: Chunk             |    17 |    14 ||    31
Armor: Animal skin       |    46 |    74 ||   120
Dodge: Dodged            |    58 |    82 ||   140

Table legend:
 A = Non-vault XP
 B = Vault XP
 C = Vault XP percentage of total XP
 D = Non-vault monster count
 E = Vault monster count
 F = Vault count percentage of total count
                 A         B        C        D         E       F
            +---------+---------+-------+---------+---------+-------
      Total |     269 |     133 |  33.1 |      51 |       5 |   8.9
            +---------+---------+-------+---------+---------+-------
        D:1 |      26 |       0 |   0.0 |      13 |       0 |   0.0
        D:2 |      69 |       0 |   0.0 |      13 |       0 |   0.0
        D:3 |      75 |     133 |  63.9 |      17 |       5 |  22.7
        D:4 |      99 |       0 |   0.0 |       8 |       0 |   0.0
            +---------+---------+-------+---------+---------+-------
